 Dungeon Crawl Stone Soup version 0.19-a0-1493-gd0fcaa6 (webtiles) character file.

187 roguesci the Grasshopper (level 5, 0/40 HPs)
             Began as a Demonspawn Warper on Sept 9, 2016.
             Was an Initiate of Okawaru.
             Slain by an orc wizard
             ... wielding a +0 dagger
              (1 damage)
             ... on level 3 of the Dungeon.
             The game lasted 00:13:51 (4156 turns).

roguesci the Grasshopper (Demonspawn Warper)        Turns: 4156, Time: 00:13:52

Health: 0/40       AC:  5    Str: 12    XL:     5   Next: 39%
Magic:  9/18       EV: 13    Int: 14    God:    Okawaru [......]
Gold:   144        SH:  0    Dex: 13    Spells: 4 memorised, 1 level left

rFire  . . .     SeeInvis .     a - +0 falchion
rCold  . . .     Gourm    .     b - +0 leather armour
rNeg   . . .     Faith    .     (no shield)
rPois  .         Spirit   .     (no helmet)
rElec  .         Dismiss  .     l - +0 cloak
rCorr  .         Reflect  .     s - +0 pair of gloves
MR     .....     Harm     .     (no boots)
Stlth  +......... Rnd*Tele +    (no amulet)
                                t - ring of magical power
                                j - ring of teleportation (curse)

@: confused
A: claws 1
a: Renounce Religion


You were on level 3 of the Dungeon.
You worshipped Okawaru.
Okawaru was noncommittal.
You were hungry.

You visited 1 branch of the dungeon, and saw 4 of its levels.

You collected 144 gold pieces.

Inventory:

Hand Weapons
 a - a +0 falchion (weapon)
Missiles
 e - 5 tomahawks of dispersal (quivered)
 r - 5 tomahawks
Armour
 b - a +0 leather armour (worn)
 l - a +0 cloak (worn)
 s - a +0 pair of gloves (worn)
Jewellery
 j - a cursed ring of teleportation (left hand)
 t - a ring of magical power (right hand)
Scrolls
 h - 3 scrolls of identify
 i - 5 scrolls of magic mapping
 k - a scroll of recharging {unknown}
 m - a scroll of noise {unknown}
 n - a scroll of enchant weapon {unknown}
 u - a scroll of remove curse {unknown}
 v - a scroll of immolation {unknown}
Potions
 w - a potion of flight
Books
 c - a book of Spatial Translocations

   Spells                             Type                      Level
   a - Apportation                    Translocation                1
   b - Blink                          Translocation                2
   c - Shroud of Golubria             Charms/Translocation         2
   d - Portal Projectile              Translocation                3
   e - Teleport Other                 Translocation                3
   f - Passage of Golubria            Translocation                4
Comestibles
 f - 2 bread rations
 g - a meat ration


   Skills:
 + Level 2.8 Fighting
 * Level 2.6 Long Blades
 - Level 0.8 Throwing
 + Level 1.1 Armour
 * Level 3.1 Dodging
 + Level 2.6 Spellcasting
 * Level 3.4 Translocations


You had one spell level left.
You knew the following spells:

 Your Spells              Type           Power        Failure   Level  Hunger
a - Apportation           Tloc           ##........   10%         1    #......
b - Shroud of Golubria    Chrm/Tloc      #.........   24%         2    ###....
c - Blink                 Tloc           N/A          12%         2    ###....
d - Teleport Other        Tloc           ##......     21%         3    ###....


Dungeon Overview and Level Annotations

Branches:
Dungeon (4/15)
 Temple: D:4-7

Altars:
Dithmenos
Okawaru
Yredelemnul


Innate Abilities, Weirdness & Mutations

You have sharp fingernails.


Message History

The orc wizard gestures wildly while chanting.
The orc wizard flickers and vanishes!
You barely miss something. Something hits you.
* * * LOW HITPOINT WARNING * * *
You hear some strange, mumbled words.
You are confused.
You bump into the rock wall.
Something hits you but does no damage.
You're too confused to attack without stumbling around!
You're too confused to attack without stumbling around!
You're too confused to attack without stumbling around!
You're too confused to attack without stumbling around!
You're too confused to attack without stumbling around!
You're too confused to attack without stumbling around!
You completely miss something. Something hits you but does no damage.
You bump into the rock wall.
Something hits you.
* * * LOW HITPOINT WARNING * * *
You bump into the rock wall.
Something hits you.
* * * LOW HITPOINT WARNING * * *
You bump into the rock wall.
Something hits you.
You die...

.......o....#
......#####.#
......#####o#
.........##.#
......##.##.#
......##.##.######
>.....##.o...g..(#
.........##.####{#
#ยง..####.##.# #@#
#.#.# #.##.# #(#
#.#.# #.##.# #.#
#.#.####.##.# #.#
#.#.........# #)#
#.#......#### #.#
#.#.###### #.#
#o#.# #.# #.#.#
#.##


There were no monsters in sight!

Vanquished Creatures
  A jelly (D:4)
  An iguana (D:3)
  An orc wizard (D:3)
  3 adders
  An ooze (D:3)
  A dart slug (D:1)
  2 giant geckos (D:1)
  4 orcs (D:3)
  4 bats
  3 giant cockroaches (D:3)
  8 goblins
  8 hobgoblins
  8 jackals (D:1)
  A ball python (D:3)
  3 giant newts
  11 kobolds
  5 rats
65 creatures vanquished.

Notes
Turn   | Place    | Note
-------+----------+-------------------------------------------
     0 | D:1      | roguesci the Demonspawn Warper began the quest for the Orb.
     0 | D:1      | Reached XP level 1. HP: 16/16 MP: 3/3
   379 | D:1      | Gained mutation: You have sharp fingernails. [demonic ancestry]
   379 | D:1      | Reached XP level 2. HP: 22/22 MP: 5/5
   579 | D:1      | Learned a level 2 spell: Shroud of Golubria
   582 | D:1      | Learned a level 2 spell: Blink
   835 | D:1      | Found an iron altar of Okawaru.
   839 | D:1      | Reached XP level 3. HP: 25/27 MP: 6/6
   844 | D:1      | Became a worshipper of Warmaster Okawaru
  1192 | D:2      | Found a shadowy altar of Dithmenos.
  1368 | D:2      | Reached skill level 1 in Armour
  1876 | D:3      | Reached XP level 4. HP: 16/34 MP: 4/7
  2995 | D:4      | Reached XP level 5. HP: 15/40 MP: 5/8
  3221 | D:4      | Found a basalt altar of Yredelemnul.
  3382 | D:4      | Noticed an ogre
  3387 | D:4      | Learned a level 3 spell: Teleport Other
  3605 | D:4      | Noticed an ogre
  4155 | D:3      | HP: 1/40 [something (2)]
  4156 | D:3      | Slain by an orc wizard

Vault maps used:
D:1:      matt_arrival_spirals, wad_floor_pattern_untrapped,
          okawaru_ov_weapons_minmay
D:2:      nicolae_dithmenos_through_a_glass_darkly
D:3:      first_bread
D:4:      grunt_temple_overflow_opulence, nicolae_overflow_crystal_walls,
          eat_drink_and_be_merry_uskayaw, serial_park_tiny_pond, st_stairs_7,
          serial_bayou_ford_a

Skill      XL: |  1  2  3  4  5 |
---------------+----------------+-----
Dodging        | 2 3 |  3.1
Translocations | 3 |  3.4
Long Blades    | 2 |  2.6
Armour         | 1 |  1.1
Fighting       | |  2.8
Throwing       | |  0.8
Spellcasting   | |  2.6

Action                   |  1- 3 |  4- 6 || total
-------------------------+-------+-------++-------
Melee: Falchion          |   160 |   151 ||   311
 Cast: Shroud of Golubri |     4 |     9 ||    13
       Blink             |     2 |     2 ||     4
       Teleport Other    |       |    10 ||    10
  Use: Potion            |     1 |     4 ||     5
       Scroll            |     1 |     3 ||     4
  Eat: Bread ration      |     1 |     1 ||     2
       Chunk             |       |     4 ||     4
Armor: Leather armour    |    27 |    32 ||    59
       Skin              |     4 |       ||     4
Dodge: Dodged            |    92 |    71 ||   163
